 Dungeon Crawl Stone Soup version 0.22.1-2-g9c5b331383 (webtiles) character file.

2199 Ihlosi the Sneak (level 9, -11/51 HPs)
             Began as a Kobold Enchanter on Dec 26, 2018.
             Mangled by a centaur warrior (16 damage)
             ... on level 8 of the Dungeon.
             The game lasted 00:28:13 (8141 turns).

Ihlosi the Sneak (Kobold Enchanter)                 Turns: 8141, Time: 00:28:14

Health: -11/51     AC:  3    Str:  6    XL:     9   Next: 60%
Magic:  8/19       EV: 16    Int: 19    God:
Gold:   356        SH:  0    Dex: 15    Spells: 10/21 levels left

rFire    . . .     SeeInvis .   a - +3 dagger (vamp)
rCold    . . .     Gourm    .   (shield restricted)
rNeg     . . .     Faith    .   b - +1 robe
rPois    .         Spirit   .   (no helmet)
rElec    .         Reflect  .   (no cloak)
rCorr    .         Harm     .   (no gloves)
MR       .....                  (no boots)
Stlth    ++++......             F - amulet of magic regeneration
HPRegen  0.17/turn              (no ring)
MPRegen  0.41/turn              (no ring)

@: no status effects
A: small, carnivore
a: no special abilities


You were on level 8 of the Dungeon.
You were very full.

You visited 1 branch of the dungeon, and saw 8 of its levels.
You also visited: Sewer.

You collected 447 gold pieces.
You spent 91 gold pieces at shops.

Inventory:

Hand Weapons
 a - a +3 vampiric dagger (weapon)
 f - a +0 falchion of slicing
 j - a +1 dagger
 m - the +9 flail of Ancient Evil {flame, rC+ rN+}
   (You found it on level 5 of the Dungeon)

   It has been specially enchanted to burn those struck by it, causing extra
   injury to most foes and up to half again as much damage against particularly
   susceptible opponents.
   It protects you from cold.
   It protects you from negative energy.
 q - a +0 blowgun
 z - a cursed +0 falchion
Missiles
 u - 36 poisoned needles
 A - 36 bolts
Armour
 b - a +1 robe (worn)
 r - the cursed +0 ring mail of Divine Intervention {rC++ Dex+4}
   (You found it on level 4 of the Dungeon)

   It affects your dexterity (+4).
   It greatly protects you from cold.
   It has a curse placed upon it.
 y - a cursed +0 ring mail
Jewellery
 F - an amulet of magic regeneration (around neck)
Scrolls
 c - 3 scrolls of identify
 g - 6 scrolls of teleportation
 h - 2 scrolls of fear {unknown}
 k - 4 scrolls of remove curse
 p - a scroll of fog
 s - 2 scrolls of immolation {unknown}
 v - 2 scrolls of blinking {unknown}
 w - a scroll of noise {unknown}
 x - 3 scrolls of enchant weapon
 E - a scroll of amnesia
 G - a scroll of enchant armour
Potions
 e - 2 potions of haste
 i - a potion of berserk rage
 l - a potion of agility
 n - a potion of brilliance
 o - a potion of might
 B - 2 potions of curing
 C - a potion of lignification
 H - a potion of flight
 I - a potion of mutation {unknown}
Comestibles
 d - 13 rations


   Skills:
 * Level 3.5 Fighting
 * Level 4.1 Short Blades
 * Level 3.6 Dodging
 * Level 7.3 Stealth
 * Level 6.7 Spellcasting
 * Level 2.5 Conjurations
 * Level 6.7 Hexes
 * Level 2.6 Translocations
 - Level 1.0 Ice Magic
   Level 2.3 Evocations


You had 10 spell levels left.
You knew the following spells:

 Your Spells              Type           Power        Failure   Level  Hunger
a - Corona                Hex            ####...      1%          1    None
b - Ensorcelled Hibernat  Hex/Ice        ###...       3%          2    None
c - Confuse               Hex            ####....     1%          3    ##.....
d - Dazzling Spray        Conj/Hex       ###...       4%          3    ##.....
e - Blink                 Tloc           N/A          5%          2    None

Your spell library contained the following spells:

 Spells                   Type           Power        Failure   Level  Hunger
 Slow                     Hex            ####....     1%          2    None
 Tukima's Dance           Hex            ####....     1%          3    ##.....
 Magic Dart               Conj           ###.         3%          1    None
 Spectral Weapon          Hex/Chrm       ###.....     8%          3    ##.....
 Shroud of Golubria       Chrm/Tloc      ##........   9%          2    None
 Infusion                 Chrm           #...         11%         1    None
 Call Imp                 Summ           #.......     16%         2    None
 Song of Slaying          Chrm           #.......     16%         2    None
 Conjure Flame            Conj/Fire      ##......     19%         3    ##.....
 Mephitic Cloud           Conj/Pois/Air  #.......     22%         3    ##.....
 Regeneration             Chrm/Necr      #.........   30%         3    ##.....


Dungeon Overview and Level Annotations

Branches:
Dungeon (8/15)             Temple (0/1) D:7
   Lair: D:8-11

Altars:
Dithmenos
Fedhas
Gozag
Nemelex Xobeh
Ru
Trog
Wu Jian
The Shining One

Shops:
D:5 =   D:7 =

Annotations:
D:8 exclusions: acid dragon and quokka, Joseph


Innate Abilities, Weirdness & Mutations

You are small and have problems with some larger weapons.
You are carnivorous and can eat meat at any time.


Message History

The centaur warrior is severely wounded.
The centaur warrior barely misses you.
You hit the centaur warrior but do no damage.
The centaur warrior is severely wounded.
Casting: Confuse (safe; 1% risk of failure)
Confirm with . or Enter, or press ? or * to list all spells.
You don't know that spell.
Unknown command.
The centaur warrior is engulfed in noxious fumes.
Joseph, a Mercenary comes into view.
He is wielding a quarterstaff.
The centaur warrior is engulfed in noxious fumes.
The centaur warrior appears confused.
The centaur warrior is engulfed in noxious fumes.
The centaur warrior appears confused.
The centaur warrior is engulfed in noxious fumes.
The centaur warrior appears confused.
An orc comes into view. It is wielding a war axe.
The centaur warrior is engulfed in noxious fumes.
The centaur warrior appears confused.
The centaur warrior hits you!
You die...

.. #..................# .
#........##.....##..
#...............##..
#........###....##.. ..
+...............''..
...###...................
....§.....#...##.........
....§§§..##÷#.##.........
....§§§c@#.<.....###....#
....§§§).######### ######
....§.#### .. .o.... ..
.@.... #. ..... #. #....


You could see Joseph (wandering), a centaur warrior (confused) and an orc
(wandering).

Vanquished Creatures
  Sigmund (D:3)
  A hungry ghost (D:7)
  An ice beast (D:7)
  An orc warrior (D:7)
  2 sky beasts
  2 ogres
  A crocodile (Sewer)
  2 bullfrogs
  2 wyvern skeletons
  2 scorpions (D:4)
  A howler monkey (D:5)
  2 bullfrog zombies
  2 crimson imps (D:7)
  A jelly (D:5)
  A centaur skeleton (D:8)
  2 hounds
  2 orc priests
  A bullfrog skeleton (D:4)
  Jessica (D:3)
  2 iguanas
  6 orc wizards
  6 worker ants
  A worker ant zombie (D:6)
  7 adders
  A shadow imp (D:7)
  3 adder zombies
  An adder skeleton (D:4)
  2 worms
  8 leopard geckos
  23 orcs
  7 giant cockroaches
  2 goblins
  7 hobgoblins
  4 jackals (D:3)
  6 kobolds
  2 quokkas
  11 bats
  4 frilled lizards
  A jackal skeleton (D:4)
  A quokka skeleton (D:5)
  A quokka zombie (D:7)
  7 rats
141 creatures vanquished.

Notes
Turn   | Place    | Note
-------+----------+-------------------------------------------
     0 | D:1      | Ihlosi the Kobold Enchanter began the quest for the Orb.
     0 | D:1      | Reached XP level 1. HP: 10/10 MP: 3/3
   353 | D:1      | Reached XP level 2. HP: 16/16 MP: 5/5
   362 | D:1      | Learned a level 2 spell: Ensorcelled Hibernation
   755 | D:2      | Found a shadowy altar of Dithmenos.
   939 | D:2      | Found a sacrificial altar of Ru.
   958 | D:2      | Reached XP level 3. HP: 16/20 MP: 1/6
  1093 | D:2      | Reached skill level 1 in Fighting
  1421 | D:2      | Found a bloodstained altar of Trog.
  1511 | D:3      | Reached XP level 4. HP: 25/25 MP: 7/7
  1791 | D:3      | Noticed Sigmund
  1924 | D:3      | Reached skill level 5 in Stealth
  2209 | D:3      | Reached XP level 5. HP: 25/29 MP: 4/9
  2397 | D:3      | Found a glowing golden altar of the Shining One.
  2865 | D:3      | Found a blossoming altar of Fedhas.
  3044 | D:3      | Noticed Jessica
  3049 | D:3      | Killed Jessica
  3049 | D:3      | Reached XP level 6. HP: 35/35 MP: 7/10
  3500 | D:4      | Reached skill level 6 in Stealth
  3543 | D:4      | Got a scorched ring mail
  3622 | D:4      | Learned a level 3 spell: Confuse
  3794 | D:4      | Reached skill level 1 in Ice Magic
  3820 | D:4      | Reached XP level 7. HP: 40/40 MP: 9/12
  4212 | D:5      | Entered Level 5 of the Dungeon
  4304 | D:5      | Found a glowing drain.
  4313 | Sewer    | Entered a sewer
  4351 | Sewer    | Learned a level 3 spell: Dazzling Spray
  4433 | D:5      | Identified the cursed +0 ring mail of Divine Intervention
                  | {rC++ Dex+4} (You found it on level 4 of the Dungeon)
  4492 | D:5      | Reached skill level 5 in Hexes
  4524 | D:5      | Learned a level 2 spell: Blink
  4533 | D:5      | Got a slimy flail
  4545 | D:5      | Identified the +9 flail of Ancient Evil {flame, rC+ rN+}
                  | (You found it on level 5 of the Dungeon)
  4673 | D:5      | Reached XP level 8. HP: 46/46 MP: 5/15
  4773 | D:5      | Reached skill level 5 in Spellcasting
  4950 | D:5      | Found Xoxorph's Jewellery Emporium.
  4960 | D:5      | Reached skill level 1 in Conjurations
  4960 | D:5      | Reached skill level 1 in Translocations
  5566 | D:3      | Killed Sigmund
  5704 | D:6      | HP: 1/46 [wyvern skeleton (5)]
  5705 | D:6      | Reached skill level 1 in Evocations
  6150 | D:6      | Found a sparkling altar of Nemelex Xobeh.
  6214 | D:6      | Reached XP level 9. HP: 50/50 MP: 12/18
  6548 | D:6      | Found an opulent altar of Gozag.
  6926 | D:7      | Found an ornate altar of the Wu Jian Council.
  7376 | D:7      | Reached skill level 7 in Stealth
  7507 | D:7      | Found a staircase to the Ecumenical Temple.
  7516 | D:7      | Found Qibal's Jewellery Emporium.
  7519 | D:7      | Bought a cursed ring of attention for 63 gold pieces
  7519 | D:7      | Bought a cursed amulet of inaccuracy for 28 gold pieces
  8123 | D:8      | Noticed a centaur warrior
  8139 | D:8      | Noticed Joseph
  8141 | D:8      | Mangled by a centaur warrior

Skill      XL: |  1  2  3  4  5  6  7  8  9 |
---------------+----------------------------+-----
Fighting       | 1 2 3 |  3.5
Short Blades   | 2 3 4 |  4.1
Stealth        | 5 6 7 |  7.3
Dodging        | 3 |  3.6
Spellcasting   | 3 4 6 |  6.7
Hexes          | 4 5 6 |  6.7
Ice Magic      | 1 |  1.0
Conjurations   | 1 2 |  2.5
Translocations | 1 2 |  2.6
Evocations     | 1 2 |  2.3

Action                   |  1- 3 |  4- 6 |  7- 9 || total
-------------------------+-------+-------+-------++-------
Melee: Dagger            |   112 |   157 |   247 ||   516
       Flail             |       |       |     6 ||     6
 Cast: Ensorcelled Hiber |     3 |    29 |    55 ||    87
       Confuse           |       |     1 |    10 ||    11
       Dazzling Spray    |       |       |    11 ||    11
Evoke: Wand              |       |       |     3 ||     3
  Use: Potion            |       |     6 |     2 ||     8
       Scroll            |       |       |    16 ||    16
 Stab: Sleeping          |     8 |    23 |    42 ||    73
       Confused          |       |     1 |    10 ||    11
  Eat: Chunk             |     9 |    12 |    26 ||    47
Armor: Robe              |    12 |    10 |    22 ||    44
       Skin              |       |    15 |       ||    15
Dodge: Dodged            |    99 |    96 |   174 ||   369
